 Dungeon Crawl Stone Soup version 0.28.0 (webtiles) character file.

Game seed: 5231536486167603944

84 zeram the Chopper (level 4, 0/40 HPs)
             Began as a Hill Orc Fighter on Feb 6, 2022.
             Slain by Crazy Yiuf (2 damage)
             ... on level 2 of the Dungeon.
             The game lasted 00:01:25 (2428 turns).

zeram the Chopper (Hill Orc Fighter)                Turns: 2428, Time: 00:01:25

Health: 0/40       AC:  7    Str: 20    XL:     4   Next: 46%
Magic:  0/4        EV: 14    Int:  8    God:
Gold:   66         SH:  4    Dex: 10    Spells: 3/3 levels left

rFire   . . .      SeeInvis .   a - +0 war axe
rCold   . . .      Faith    .   c - +0 buckler
rNeg    + . .      Spirit   .   b - +0 scale mail
rPois   .          Reflect  .   (no helmet)
rElec   .          Harm     .   (no cloak)
rCorr   .          Rampage  .   (no gloves)
Will    .....                   (no boots)
Stlth   ..........              (no amulet)
HPRegen 0.13/turn               h - ring of positive energy
MPRegen 0.09/turn               (no ring)

@: mighty, agile, lethally poisoned (0 -> -1), attractive
A: no striking features
a: no special abilities


You were on level 2 of the Dungeon.
You visited 1 branch of the dungeon, and saw 2 of its levels.

You collected 66 gold pieces.

Inventory:

Hand Weapons
 a - a +0 war axe (weapon)
Missiles
 k - a throwing net (quivered)
Armour
 b - a +0 scale mail (worn)
 c - a +0 buckler (worn)
Jewellery
 h - a ring of positive energy (left hand)
Wands
 l - a wand of flame (3)
Scrolls
 e - 3 scrolls of identify {unknown}
 f - a scroll of magic mapping {unknown}
 g - a scroll of vulnerability {unknown}
 i - a scroll of noise {unknown}
 j - a scroll of fear {unknown}


   Skills:
 + Level 4.1 Fighting
 + Level 4.3 Axes
 + Level 4.2 Armour
 + Level 0.1 Dodging
 + Level 3.5 Shields


You had 3 spell levels left.
You didn't know any spells.
Your spell library contained the following spells:

 Spells                   Type           Power      Damage    Failure   Level
 Call Imp                 Summ           0%         N/A       94%         2
 Call Canine Familiar     Summ           0%         N/A       99%         3
 Eringya's Noxious Bog    Tmut/Pois      0%         N/A       100%        6


Dungeon Overview and Level Annotations

Branches:
Dungeon (2/15)

Altars:

Annotations:
D:2 Crazy Yiuf


Message History

Crazy Yiuf is heavily wounded.
Crazy Yiuf drinks a potion.
Crazy Yiuf is healed!
You closely miss Crazy Yiuf.
Crazy Yiuf hits you with a +3 quarterstaff of chaos!
You feel your power leaking away. You block Crazy Yiuf's attack.
You closely miss Crazy Yiuf.
Crazy Yiuf hits you with a +3 quarterstaff of chaos!
You are poisoned.
You hit Crazy Yiuf.
Crazy Yiuf is moderately wounded.
You feel very sick. Crazy Yiuf hits you but does no damage.
You barely miss Crazy Yiuf.
Crazy Yiuf is moderately wounded.
You feel very sick.
Crazy Yiuf hits you with a +3 quarterstaff of chaos!
* * * LOW HITPOINT WARNING * * *
You feel agile all of a sudden. Crazy Yiuf closely misses you.
You barely miss Crazy Yiuf.
Crazy Yiuf is moderately wounded.
* * * LOW HITPOINT WARNING * * *
You feel sick.
Crazy Yiuf grits, "Adder!"
You block Crazy Yiuf's attack.
You completely miss Crazy Yiuf.
Crazy Yiuf is moderately wounded.
You feel sick. You block Crazy Yiuf's attack.
Unknown command.
It was a potion of attraction.
You feel attractive to monsters.
You feel sick. You block Crazy Yiuf's attack.
You barely miss Crazy Yiuf.
Crazy Yiuf is moderately wounded.
* * * LOW HITPOINT WARNING * * *
You feel sick.
Crazy Yiuf cries, "Candle pontify unthinkable!"
Crazy Yiuf hits you with a +3 quarterstaff of chaos.
You die...

#.##########.#.#
#.# #.#.# #######
#.# #.#.#
##.....# #.#
##### #..###(#
#.# #..# #.# #.#
##.# #.# #.#####
### #.###.##
#.....## ###..)#
#.##...##
#......####@g...#
#........
##......#..##...#
####...#<
##....#.### ###
#...... ########
##...## ##.## ###


You could see Crazy Yiuf.

Vanquished Creatures
  Terence (D:2)
  3 adders (D:2)
  An orc (D:2)
  3 bats (D:1)
  2 endoplasms (D:2)
  3 giant cockroaches
  3 goblins
  A hobgoblin (D:1)
  2 jackals (D:2)
  A kobold (D:1)
  3 quokkas
  3 frilled lizards (D:1)
  6 rats
32 creatures vanquished.

Notes
Turn   | Place    | Note
-------+----------+-------------------------------------------
     0 | D:1      | zeram the Hill Orc Fighter began the quest for the Orb.
     0 | D:1      | Reached XP level 1. HP: 19/19 MP: 1/1
   291 | D:1      | Found a faded altar of an unknown god.
   328 | D:1      | Reached XP level 2. HP: 27/27 MP: 2/2
   489 | D:1      | Found Zazov's Distillery.
  1052 | D:2      | Reached XP level 3. HP: 28/33 MP: 3/3
  1210 | D:2      | Got the Guide on Supportive Intoxication
  1708 | D:2      | Noticed Terence
  1726 | D:2      | Killed Terence
  1727 | D:2      | Reached XP level 4. HP: 8/40 MP: 4/4
  2032 | D:2      | Found a runed translucent door.
  2033 | D:2      | Noticed Crazy Yiuf
  2428 | D:2      | HP: 2/40 [poisoned by Crazy Yiuf]
  2428 | D:2      | Slain by Crazy Yiuf

Illustrated notes

Levels and vault maps discovered:
D:1:      evilmike_arrival_crescent, layout_basic,
          hellmonk_ecumenical_altar_heavens_door, serial_shops,
          nicolae_shop_statue_plus
D:2:      layout_loops_ring, uniq_crazy_yiuf_cottage, uniq_terence

Skill      XL: |  1  2  3 |
---------------+----------+-----
Axes           | 3 4 |  4.3
Fighting       | 4 |  4.1
Armour         | 4 |  4.2
Dodging        | |  0.1
Shields        | |  3.5

Action                   |  1- 3 |  4- 6 || total
-------------------------+-------+-------++-------
Melee: War axe           |    91 |    15 ||   106
  Use: Potion            |       |     2 ||     2
Armor: Scale mail        |    36 |     3 ||    39
Dodge: Dodged            |    32 |     4 ||    36
Block: Buckler           |    13 |     6 ||    19
